 Dungeon Crawl Stone Soup version 0.22-a0-351-g29664b4 (webtiles) character file.

532 vishdafish the Poker (level 7, 46/53 HPs)
             Began as a Demonspawn Skald on Apr 12, 2018.
             Quit the game on level 5 of the Dungeon.
             The game lasted 00:06:38 (3418 turns).

vishdafish the Poker (Demonspawn Skald)             Turns: 3418, Time: 00:06:39

Health: 46/53      AC:  7    Str:  9 (11) XL:     7   Next: 3%
Magic:  12/12      EV: 12    Int: 15 (17) God:
Gold:   204        SH:  0    Dex: 12      Spells: 8/13 levels left

rFire    . . .     SeeInvis .   a - +0 spear
rCold    . . .     Gourm    .   (no shield)
rNeg     . . .     Faith    .   b - +0 leather armour
rPois    .         Spirit   .   j - +1 helmet
rElec    .         Reflect  .   (no cloak)
rCorr    .         Harm     .   (no gloves)
MR       +....                  (no boots)
Stlth    ..........             (no amulet)
HPRegen  0.17/turn              t - ring of protection from magic
MPRegen  0.13/turn              u - ring of loudness (curse)

@: no status effects
A: claws 2, slimy green scales 1, demonic guardian 1, rot immunity
a: no special abilities


You were on level 5 of the Dungeon.
You were very hungry.

You visited 1 branch of the dungeon, and saw 5 of its levels.

You collected 204 gold pieces.

Inventory:

Hand Weapons
 a - a +0 spear (weapon)
 n - a +0 hand axe
Armour
 b - a +0 leather armour (worn)
 j - a +1 helmet (worn)
 l - a +0 scale mail of fire resistance
 s - a +0 helmet
Jewellery
 k - an uncursed ring of wizardry
 t - a ring of protection from magic (left claw)
 u - a cursed ring of loudness (right claw)
Scrolls
 c - a scroll of magic mapping
 f - 6 scrolls of remove curse
 h - 2 scrolls of amnesia {unknown}
 i - 2 scrolls of teleportation
 m - a scroll of enchant weapon {unknown}
 o - a scroll of enchant armour
 q - a scroll of random uselessness {unknown}
Potions
 e - a potion of heal wounds
 g - a potion of degeneration
 p - a potion of invisibility {unknown}
 r - a potion of brilliance
Comestibles
 d - 12 rations


   Skills:
 + Level 3.6 Fighting
 * Level 4.4 Polearms
 - Level 1.0 Armour
 + Level 3.4 Dodging
 + Level 3.6 Spellcasting
 - Level 3.0 Charms


You had 8 spell levels left.
You knew the following spells:

 Your Spells              Type           Power        Failure   Level  Hunger
a - Infusion              Chrm           ##..         8%          1    None
b - Song of Slaying       Chrm           ##......     12%         2    ##.....
c - Shroud of Golubria    Chrm/Tloc      #.........   22%         2    ##.....


Dungeon Overview and Level Annotations

Branches:
Dungeon (5/15)
 Temple: D:4-7

Altars:
Elyvilon
Hepliaklqana
The Shining One


Innate Abilities, Weirdness & Mutations

You have very sharp fingernails.
You are partially covered in slimy green scales. (AC +2)
A weak demonic guardian rushes to your aid.
You are immune to rotting.


Message History

You kill Grinder!
You feel your strength returning.
You feel your intelligence returning.
You have reached level 7!
Your demonic ancestry asserts itself...
You feel immune to rotting.
d - 12 rations (gained 1)
u - a coral ring
Found an escape hatch in the floor.
You now have 204 gold pieces (gained 7).
There is an escape hatch in the floor here.
Magic restored.
There is a stone staircase leading up here.
Found a stone staircase leading down.
Put on which piece of jewellery? (? for menu, Esc to quit)
Oops, that ring feels deathly cold.
u - a cursed ring of loudness (right claw) Put on which piece of jewellery? (? for menu, Esc to quit)
You remove your ring of wizardry.
t - a ring of protection from magic (left claw) Are you sure you want to abandon this character and quit the game? (Confirm with "yes".)

#.# #.# .. #.#
#...#####.#
..>....@#.#
###########.#.#
#..........<#.#######
#.########.##.#.....#
# #......#>##.##
#.#.####.##.# #.#.#
#.##.# #.#.# #.##.#
..#.# #.##.#


There were no monsters in sight!

Vanquished Creatures
  Grinder (D:5)
  The ghost of vishdafish the Charmwright, an amateur DsSk (D:3)
  A bullfrog (D:3)
  An orc priest (D:3)
  A hound (D:4)
  An orc wizard (D:3)
  9 adders
  2 oozes
  3 worms (D:2)
  3 leopard geckos (D:2)
  3 orcs
  2 giant cockroaches
  9 goblins
  3 hobgoblins
  4 jackals (D:3)
  A quokka (D:3)
  A ball python (D:2)
  9 bats
  8 frilled lizards
  8 kobolds
  A quokka skeleton (D:4)
  7 rats
79 creatures vanquished.

Vanquished Creatures (collateral kills)
  A bat (D:3)
1 creature vanquished.

Grand Total: 80 creatures vanquished

Notes
Turn   | Place    | Note
-------+----------+-------------------------------------------
     0 | D:1      | vishdafish the Demonspawn Skald began the quest for the Orb.
     0 | D:1      | Reached XP level 1. HP: 16/16 MP: 3/3
   131 | D:1      | Gained mutation: A weak demonic guardian rushes to your aid. [demonic ancestry]
   131 | D:1      | Reached XP level 2. HP: 21/22 MP: 5/5
   411 | D:1      | Reached skill level 1 in Armour
   535 | D:1      | Reached skill level 2 in Polearms
   662 | D:2      | Reached XP level 3. HP: 27/27 MP: 6/6
   695 | D:2      | Learned a level 2 spell: Song of Slaying
   698 | D:2      | Learned a level 2 spell: Shroud of Golubria
  1251 | D:2      | Gained mutation: You have sharp fingernails. [demonic ancestry]
  1251 | D:2      | Reached XP level 4. HP: 26/34 MP: 4/7
  1921 | D:3      | Noticed vishdafish's ghost (amateur DsSk)
  1942 | D:3      | Killed vishdafish's ghost
  1942 | D:3      | Reached skill level 3 in Polearms
  1942 | D:3      | Gained mutation: You are partially covered in slimy green scales. (AC +2) [demonic ancestry]
  1942 | D:3      | Reached XP level 5. HP: 30/40 MP: 4/9
  2183 | D:3      | Gained mutation: You have very sharp fingernails. [demonic ancestry]
  2183 | D:3      | Reached XP level 6. HP: 40/47 MP: 8/10
  2486 | D:3      | Found a glowing golden altar of the Shining One.
  2808 | D:4      | Found a white marble altar of Elyvilon.
  2881 | D:4      | Found a hazy altar of Hepliaklqana.
  3268 | D:4      | Reached skill level 4 in Polearms
  3317 | D:5      | Entered Level 5 of the Dungeon
  3317 | D:5      | Noticed Grinder
  3351 | D:5      | Killed Grinder
  3351 | D:5      | Gained mutation: You are immune to rotting. [demonic ancestry]
  3351 | D:5      | Reached XP level 7. HP: 35/53 MP: 5/12
  3418 | D:5      | Quit the game

Vault maps used:
D:1:      nicolae_arrival_washed_ashore, minivault_11, minmay_misc_feat_cross
D:2:      grunt_decor_fettered
D:3:      nicolae_tso_swordbearing_angel
D:4:      nicolae_overflow_hidden_temple, lemuel_crystal_altar, first_ration,
          st_stairs_3, kennysheep_generic_room_13
D:5:      vehumet_crystals, uniq_blork_the_orc, uniq_grinder

Skill      XL: |  1  2  3  4  5  6 |
---------------+-------------------+-----
Dodging        | 2 3 |  3.4
Armour         | 1 |  1.0
Polearms       | 2 3 4 |  4.4
Charms         | 3 |  3.0
Fighting       | 3 |  3.6
Spellcasting   | 3 |  3.6

Action                   |  1- 3 |  4- 6 |  7- 9 || total
-------------------------+-------+-------+-------++-------
Melee: Spear             |    87 |   172 |       ||   259
       Hand axe          |    65 |    55 |       ||   120
 Cast: Shroud of Golubri |     3 |     7 |       ||    10
       Infusion          |     2 |     6 |       ||     8
       Song of Slaying   |     2 |     1 |       ||     3
  Use: Scroll            |     3 |     1 |       ||     4
       Potion            |     1 |     4 |       ||     5
 Stab: Sleeping          |       |     2 |       ||     2
  Eat: Chunk             |     1 |     7 |       ||     8
Armor: Leather armour    |    46 |    78 |       ||   124
Dodge: Dodged            |   104 |   132 |       ||   236

Table legend:
 A = Spawn XP
 B = Non-spawn XP
 C = Spawn XP percentage of total XP
 D = Spawn monster count
 E = Non-spawn monster count
 F = Spawn count percentage of total count
 G = Total turns spent on level
                    A         B        C        D         E        F      G
               +---------+---------+-------+---------+---------+-------+---------
         Total |       0 |     760 |   0.0 |       0 |      80 |   0.0 |  3418
               +---------+---------+-------+---------+---------+-------+---------
           D:1 |       0 |      39 |   0.0 |       0 |      23 |   0.0 |   657
           D:2 |       0 |      73 |   0.0 |       0 |      21 |   0.0 |  1099
           D:3 |       0 |     332 |   0.0 |       0 |      25 |   0.0 |   883
           D:4 |       0 |     102 |   0.0 |       0 |      10 |   0.0 |   678
           D:5 |       0 |     214 |   0.0 |       0 |       1 |   0.0 |   101
               +---------+---------+-------+---------+---------+-------+---------
